AoeStats
← BuDrakexn

African Clearing

510743279Analyzed
4v4 RM · 2d ago on Oct 2, 2026· 52m 12s· 8 players
Game mode
Random Map
Map size
Large (8 player)
Population
200
Speed
Normal
Resources
Standard
Victory
Conquest
Starting age
Dark Age
Ending age
Imperial Age
RankedLock teamsTeams togetherTeam positionsShared explorationLock speedFull tech treeHidden civsTurbo modeCheats
Victory
Defeat
🇮🇪 Vietnamese · Ireland
929
+16
🇹🇼 Varangians · Taiwan
912
+17
🇺🇸 Franks · United States
909
+17
🇮🇩 Mongols · Indonesia
897
+17
🇨🇳 Vietnamese · China
957
-18
🇨🇳 Persians · China
954
-18
🇨🇳 Byzantines · China
908
-16
🇨🇳 Bulgarians · China
880
-15
BuDrakexn
4:26 Loom
14:38 Feudal Age
20:59 Castle Age
19:54 Double-Bit Axe
25:36 Pikeman
30:38 Scale Mail Armor
32:59 Forging
34:47 Scale Barding Armor
35:00 Chain Mail Armor
35:06 Gold Mining
37:57 Iron Casting
37:44 Chain Barding Armor
39:04 Iron Casting
38:35 Husbandry
38:42 Squires
43:36 Imperial Age
44:01 Stone Mining
44:23 Chivalry
44:43 Conscription
44:22 Cavalier
46:01 Gold Shaft Mining
46:26 Plate Barding Armor
46:28 Paladin
47:45 Halberdier
51:22 Blast Furnace
ddmgsxis89228
4:42 Loom
14:16 Feudal Age
18:14 Bloodlines
20:52 Forging
27:22 Castle Age
27:25 Gold Mining
27:30 Stone Mining
29:18 Iron Casting
32:18 Scale Barding Armor
39:54 Imperial Age
38:56 Fletching
39:07 Padded Archer Armor
39:15 Thumb Ring
40:19 Bodkin Arrow
42:14 Double-Bit Axe
43:11 Gold Shaft Mining
44:39 Leather Archer Armor
45:43 Wheelbarrow
45:24 Bow Saw
46:19 Bracer
46:51 Ballistics
51:21 Chemistry
50:12 Elite Mangudai
George
15:28 Feudal Age
15:12 Loom
16:15 Man-at-Arms
19:40 Arson
29:07 Castle Age
29:59 Scale Mail Armor
30:12 Double-Bit Axe
31:24 Forging
31:20 Scale Barding Armor
30:58 Horse Collar
31:30 Bow Saw
31:12 Gold Mining
33:41 Fishing Lines
36:33 Imperial Age
35:09 Gillnets
36:37 Chain Barding Armor
36:52 Iron Casting
37:25 Husbandry
38:31 Wheelbarrow
39:14 Two-Man Saw
39:15 Conscription
39:10 Bloodlines
40:54 Hand Cart
41:23 Plate Barding Armor
40:52 Heavy Plow
44:53 Blast Furnace
45:15 Elite Jarl
50:37 Gothikon
A Dirty Walrus
14:42 Feudal Age
17:20 Bloodlines
19:33 Forging
19:54 Scale Barding Armor
25:13 Wheelbarrow
28:49 Fletching
28:48 Loom
32:12 Double-Bit Axe
32:21 Stone Mining
32:22 Gold Mining
35:04 Horse Collar
36:46 Town Watch
39:41 Castle Age
40:29 Bodkin Arrow
41:10 Iron Casting
40:56 Chain Barding Armor
40:10 Crossbowman
41:16 Bow Saw
41:40 Light Cavalry
42:23 Husbandry
47:18 Hand Cart
JobsKill
13:28 Loom
18:25 Feudal Age
21:24 Double-Bit Axe
29:58 Castle Age
30:33 Husbandry
40:48 Forging
40:43 Scale Mail Armor
43:18 Bow Saw
44:09 Bloodlines
44:40 Elite Skirmisher
46:39 Fletching
47:26 Iron Casting
49:23 Pikeman
50:58 Wheelbarrow
52:23 Squires
*****Hou
13:34 Feudal Age
14:01 Double-Bit Axe
17:46 Loom
21:29 Bloodlines
21:54 Horse Collar
26:59 Wheelbarrow
28:03 Forging
27:59 Scale Barding Armor
31:43 Castle Age
30:19 Fletching
30:25 Gold Mining
30:27 Stone Mining
32:43 Elite Skirmisher
36:24 Bow Saw
37:20 Heavy Plow
38:27 Gold Shaft Mining
39:59 Stone Shaft Mining
41:14 Iron Casting
43:07 Chain Barding Armor
51:19 Imperial Age
49:28 Ballistics
49:21 Bodkin Arrow
51:01 Stirrups
52:40 Plate Barding Armor
53:06 Blast Furnace
YB88898
3:54 Loom
14:37 Feudal Age
15:10 Double-Bit Axe
20:25 Castle Age
19:50 Forging
20:47 Scale Barding Armor
26:47 Stone Mining
27:55 Wheelbarrow
29:30 Bow Saw
33:01 Gold Mining
32:53 Crossbowman
35:03 Fletching
36:58 Scale Mail Armor
37:37 Iron Casting
41:04 Imperial Age
39:17 Horse Collar
42:50 Heavy Camel Rider
ZhiGang-LI
6:11 Loom
6:55 Loom
15:48 Feudal Age
16:41 Double-Bit Axe
26:56 Fletching
33:25 Castle Age
33:17 Gold Mining
40:56 Forging
Connection lost

Rejoining the realm…

Still unreachable

The connection could not be restored.

Session expired

The server has moved on; the page needs a fresh start.